cohdb
Replays
Latest Replays
All Replays
Popular Replays
Top Player Replays
Match Explorer
How It Works
Community
CoH3 Stats
Reddit
Sign in to upload your games and track your stats! →
Sign in with Steam
Match 42962813
Unlisted
Match 42962813
Overview
Messages
Build Orders
End
Engineer Squad
Construct Barracks
Selects Advanced Infantry Battlegroup
Riflemen Squad
M1 Mortar Team
Riflemen Squad
Infantry Support Center
Riflemen Squad
Engineer Squad
Selects Ammunition Storage
Construct Motor Pool
M1 Anti-tank Gun Team
Selects M2A1 105mm Howitzer Emplacement
Scout Squad
Selects Convert to Ranger Squad
Grenade Package
Convert to Ranger Squad
Selects Free Fire Drills
Munitions Surplus
Demolitions Package
Riflemen Squad
.30 cal Machine Gun
M1918 Browning Automatic Rifles
Construct Weapon Support Center
M3 Armored Personnel Carrier
Selects Frontline Medical Station
Advanced Logistics
Convert to Ranger Squad
Quietus
thecrazycowboygeneral
Blanco
.
ImNotProPlayerr
Waffen-YT
0
0
Comments
sign in to comment!
No comments posted yet!